 Dungeon Crawl Stone Soup version 0.30.0-10-gfe55d96785 (webtiles) character file.

Game seed: 7058049460460733162

214 browni3141 the Trooper (level 6, -1/69 HPs)
             Began as a Djinni Fighter on May 16, 2023.
             Slain by an orc
             ... wielding a +0 dagger
              (2 damage)
             ... on level 3 of the Dungeon.
             The game lasted 00:03:37 (2854 turns).

browni3141 the Trooper (Djinni Fighter)             Turns: 2854, Time: 00:03:38

Health: -1/69      AC:  7    Str: 13 (15) XL:     6   Next: 15%
Gold:   203        EV:  2    Int:  7 (9)  God:
                   SH:  4    Dex: 12 (15)

rFire   . . .        a - +0 long sword
rCold   . . .        c - +0 buckler
rNeg    . . .        b - melded +0 scale mail
rPois   ∞            (helmet currently unavailable)
rElec   .            (cloak currently unavailable)
rCorr   .            O - melded +0 pair of gloves
SInv    .            (boots unavailable)
Will    .....        (no amulet)
Stlth   +            (no ring)
HPRegen 0.31/turn    (no ring)
MPRegen 0.00/turn

%: infuse magic (-2 HP)
@: tree-form, corroded
A: stationary, stasis, torment immunity, boosted hp, sickness immunity, (fire
resistance 2), (cold vulnerability 1), float, innate caster, HP casting, extra
vitality 1
a: no special abilities


You were on level 3 of the Dungeon.
You were a tree.
You visited 1 branch of the dungeon, and saw 3 of its levels.
You also visited: Sewer.

You collected 203 gold pieces.

Inventory:

Hand Weapons
 a - a +0 long sword (weapon)
Missiles
 J - 3 curare-tipped darts
 T - 4 boomerangs of dispersal
Armour
 b - a +0 scale mail (melded)
 c - a +0 buckler (worn)
 O - a +0 pair of gloves (melded)
Jewellery
 K - a ring of see invisible
Scrolls
 L - a scroll of enchant weapon {unknown}
 N - 4 scrolls of amnesia {unknown}
 Q - 3 scrolls of immolation {unknown}
 R - a scroll of teleportation {unknown}
 S - 2 scrolls of fear {unknown}
 W - 2 scrolls of identify {unknown}
 Y - a scroll of magic mapping {unknown}
Potions
 M - 2 potions of might
 Z - a potion of magic {unknown}


   Skills:
 + Level 3.5 Fighting
 * Level 3.0 Long Blades
 + Level 3.4 Armour
 * Level 2.5 Dodging
 + Level 3.4 Shields
 * Level 1.6 Spellcasting


You knew the following spells:

 Your Spells              Type           Power      Damage    Failure   Level
a - Beastly Appendage     Tmut           4%         N/A       28%         1
B - Blink                 Tloc           4%         N/A       38%         2
Your spell library was empty.

Dungeon Overview and Level Annotations

Branches:
Dungeon (3/15)              Sewer (visited)

Altars:
Nemelex Xobeh


Innate Abilities, Weirdness & Mutations

You are a tree.
Your roots penetrate the ground, keeping you stationary.
You cannot be teleported.
You are immune to unholy pain and torment.
Your maximum health is greatly increased.
Your equipment is partially melded.
You are immune to sickness and miasma.
You are immune to poison.
((Your flesh is very heat resistant. (rF++)))
((You are vulnerable to cold. (rC-)))
You float through the air rather than walking.
You learn spells naturally, not from books.
Your magical power is your life essence.
You have superior vitality. (+4 MHP)


Message History

An adder is nearby!
An adder is nearby!
An adder is nearby!
An adder is nearby!
A hobgoblin comes into view.
The hobgoblin shouts!
A jelly comes into view.
The jelly quivers.
A dart slug comes into view.
You barely miss the adder. The adder bites you but does no damage.
A worm comes into view.
You block the adder's attack.
You hit the adder.
The adder is heavily wounded.
The adder closely misses you.
An orc comes into view. It is wielding a +0 dagger.
You barely miss the adder.
The adder is heavily wounded.
The orc shouts!
The adder closely misses you. The adder barely misses you.
The hobgoblin misses you.
You slash the adder!
You kill the adder!
The hobgoblin hits you. The jelly barely misses you.
The hobgoblin barely misses you. The dart slug launches a dart at you.
You block the slug dart.
There is a stone staircase leading up, spattered with blood here.
The jelly closely misses you. The dart slug launches a dart at you.
The slug dart hits you. The hobgoblin hits you.
The hobgoblin hits you but does no damage.
The jelly attacks as you move away! The jelly closely misses you.
The jelly attacks as you move away! The jelly hits you but does no damage.
The orc attacks as you move away! The orc hits you but does no damage.
You hit the jelly. The acid corrodes you!
Your hands burn!
The jelly is moderately wounded.
The jelly misses you. You block the jelly's attack.
You hit the jelly.
Your hands burn!
The jelly is heavily wounded.
The jelly hits you but does no damage.
You hit the jelly.
Your hands burn!
The jelly is heavily wounded.
The jelly hits you. The acid corrodes you!
You are splashed with acid!
You are too injured to fight recklessly!
You hit the jelly but do no damage.
Your hands burn!
The jelly is heavily wounded.
The jelly hits you. The acid corrodes you!
You are splashed with acid!
* * * LOW HITPOINT WARNING * * *
You are too injured to fight recklessly!
You are too injured to fight recklessly!
You completely miss the jelly.
The jelly is heavily wounded.
The jelly closely misses you.
You are too injured to fight recklessly!
Unknown command.
The jelly attacks as you move away! The jelly hits you.
* * * LOW HITPOINT WARNING * * *
The acid corrodes you!
You are splashed with acid!
* * * LOW HITPOINT WARNING * * *
It was a potion of heal wounds.
You feel much better.
H - a potion of heal wounds The jelly hits you.
You are splashed with acid!
* * * LOW HITPOINT WARNING * * *
It was a potion of degeneration.
There was something very wrong with that liquid.
You feel weakened.
You feel dopey.
You feel clumsy. The jelly barely misses you.
It was a potion of flight.
You feel more buoyant. The jelly hits you.
* * * LOW HITPOINT WARNING * * *
You are splashed with acid!
* * * LOW HITPOINT WARNING * * *
The orc hits you with a +0 dagger.
* * * LOW HITPOINT WARNING * * *
Unknown command.
You feel much better. You block the jelly's attack.
The orc hits you with a +0 dagger.
* * * LOW HITPOINT WARNING * * *
The jelly attacks as you move away! The jelly hits you.
* * * LOW HITPOINT WARNING * * *
The acid corrodes you!
You are splashed with acid!
* * * LOW HITPOINT WARNING * * *
The orc attacks as you move away! The orc hits you with a +0 dagger.
* * * LOW HITPOINT WARNING * * *
The orc attacks as you move away! The orc hits you with a +0 dagger.
* * * LOW HITPOINT WARNING * * *
The orc attacks as you move away! The orc barely misses you.
The orc attacks as you move away! The orc hits you with a +0 dagger.
* * * LOW HITPOINT WARNING * * *
It was a potion of lignification.
You turn into a tree.
Your +0 pair of gloves melds into your body.
Your +0 scale mail melds into your body.
Your roots penetrate the ground.
The orc hits you but does no damage.
You hit the orc but do no damage. The orc hits you with a +0 dagger.
* * * LOW HITPOINT WARNING * * *
The orc hits you with a +0 dagger.
You die...

........w.#...#........_...#
......###w#...#.#..#.#...#.##
.......##.###.#.#....##.##..
...$..w...# #J#.#...........
.........## #w#.#.##..#.###.#
.......<.# #.#.#...........#
.........# #g#...###.#######
.........####o###.###.#######
............♣.# #.......#....
.......######## #####.#.#.##.
......# #####.#.#.#.. .....#
#.......#.#.. .....
##.##.###.#.. ...## ..
#.###.#.. ######.#...#..
#......#.##### #.###.#......#


You could see a jelly, a dart slug, an orc and a hobgoblin.

Vanquished Creatures
  Pargi (Sewer)
  Jessica (D:2)
  An adder (D:3)
  2 river rats (D:3)
  A worm (D:2)
  2 dart slugs
  An orc (D:3)
  3 endoplasms
  7 giant cockroaches
  3 goblins
  2 hobgoblins
  4 jackals
  4 quokkas
  7 ball pythons
  4 bats
  6 frilled lizards
  4 kobolds
  14 rats
67 creatures vanquished.

Notes
Turn   | Place    | Note
-------+----------+-------------------------------------------
     0 | D:1      | browni3141 the Djinni Fighter began the quest for the Orb.
     0 | D:1      | Reached XP level 1. HP: 20/20 MP: 0/0
   442 | D:1      | Reached XP level 2. HP: 25/25 MP: 0/0
   734 | D:1      | Reached XP level 3. HP: 30/30 MP: 0/0
   734 | D:1      | Learned a level 1 spell: Beastly Appendage
  1040 | D:2      | Found a sparkling altar of Nemelex Xobeh.
  1981 | D:2      | Noticed Jessica
  1984 | D:2      | Killed Jessica
  1985 | D:2      | Reached XP level 4. HP: 35/35 MP: 0/0
  2253 | D:3      | Found a glowing drain.
  2274 | D:3      | Reached XP level 5. HP: 12/40 MP: 0/0
  2274 | D:3      | Learned a level 2 spell: Blink
  2308 | Sewer    | Entered a sewer
  2495 | Sewer    | Noticed Pargi
  2528 | Sewer    | Killed Pargi
  2529 | Sewer    | Reached skill level 3 in Long Blades
  2529 | Sewer    | Reached XP level 6. HP: 21/46 MP: 0/0
  2775 | D:3      | Found a faded altar of an unknown god.
  2852 | D:3      | HP: 2/46 [orc/+0 dagger (3)]
  2854 | D:3      | Slain by an orc

Illustrated notes

Levels and vault maps discovered:
D:1:      dpeg_arrival_long_road, layout_basic, minmay_octomino_c4
D:2:      layout_basic, basic_altar, uniq_jessica
D:3:      layout_basic, gammafunk_ghost_necromancy, portal_sewer_entry_b,
          ebering_ecumenical_altar_box, kennysheep_donut

Skill      XL: |  1  2  3  4  5 |
---------------+----------------+-----
Long Blades    | 2 3 |  3.0
Dodging        | 1 2 |  2.5
Spellcasting   | 1 |  1.6
Fighting       | |  3.5
Armour         | |  3.4
Shields        | |  3.4

Action                     |  1- 3 |  4- 6 || total
---------------------------+-------+-------++-------
  Melee: Long sword        |   116 |    86 ||   202
         Headbutt          |       |     1 ||     1
   Cast: Beastly Appendage |     1 |     2 ||     3
    Use: Potion            |       |     6 ||     6
 Armour: Scale mail        |    64 |    55 ||   119
         Skin              |       |     1 ||     1
  Dodge: Dodged            |    57 |    51 ||   108
  Block: Buckler           |    29 |    30 ||    59
